 Dungeon Crawl Stone Soup version 0.16.2-12-gd0ad4c3 (webtiles) character file.

426 Seneschal the Grave Robber (level 6, -4/42 HPs)
             Began as a Demonspawn Necromancer on Sept 24, 2015.
             Slain by Edmund
             ... wielding a +2 flail of protection
              (6 damage)
             ... on level 5 of the Dungeon.
             The game lasted 00:27:45 (4188 turns).

Seneschal the Grave Robber (Demonspawn Necromancer) Turns: 4188, Time: 00:27:47

Health: -4/42      AC:  3    Str:  8    XL:     6   Next: 64%
Magic:  0/15       EV: 13    Int: 19    God:
Gold:   159        SH:  0    Dex: 13    Spells: 4 memorised, 4 levels left

rFire  . . .     SeeInvis .     n - +0 scythe
rCold  + . .     Clarity  .     d - +0 robe
rNeg   . . .     SustAb   .     (no shield)
rPois  .         Gourm    .     (no helmet)
rElec  .         Spirit   .     (no cloak)
rCorr  .         Warding  .     (no gloves)
rMut   .         Stasis   .     (no boots)
MR     .....                    (no amulet)
Stlth  +++.......               (no ring)
                                (no ring)

@: not resistant to hostile enchantments, fairly stealthy
A: hooves 2, molten scales 1, cold resistance 1, nightstalker 1
a: no special abilities


You were on level 5 of the Dungeon.
You were very hungry.

You visited 1 branch of the dungeon, and saw 5 of its levels.

You collected 159 gold pieces.

Inventory:

Hand weapons
 f - a +0 flail
 n - a +0 scythe (weapon)
Armour
 a - a +0 robe
 d - a +0 robe (worn)
Magical devices
 i - a wand of disintegration (0)
Scrolls
 j - 6 scrolls of identify {unknown}
 k - a scroll of fear {unknown}
 l - a scroll of remove curse {unknown}
 m - a scroll of magic mapping {unknown}
 q - a scroll of amnesia {unknown}
 s - a scroll of blinking {unknown}
Potions
 e - a potion of brilliance {unknown}
 o - a potion of curing
Books
 b - a book of Necromancy

   Spells                             Type                      Level
   a - Pain                           Necromancy                   1
   b - Animate Skeleton               Necromancy                   1
   c - Vampiric Draining              Necromancy                   3
   d - Regeneration                   Charms/Necromancy            3
   e - Animate Dead                   Necromancy                   4
   f - Control Undead                 Necromancy                   4
Comestibles
 c - 3 bread rations
 g - a royal jelly
 h - a meat ration


   Skills:
 + Level 0.6 Fighting
 - Level 1.0 Maces & Flails
 * Level 0.1 Polearms
 + Level 2.8 Dodging
 - Level 1.7 Stealth
 + Level 4.4 Spellcasting
 + Level 6.3 Necromancy
 - Level 0.2 Evocations


You had 4 spell levels left.
You knew the following spells:

 Your Spells              Type           Power        Failure   Level  Hunger
a - Pain                  Necr           ####         1%          1    None
b - Animate Skeleton      Necr           N/A          1%          1    None
c - Animate Dead          Necr           N/A          12%         4    ####...
d - Vampiric Draining     Necr           ####......   3%          3    ###....


Dungeon Overview and Level Annotations

Branches:
Dungeon (5/15)
 Temple: D:4-7

Altars:
Cheibriados
Ru
Xom

Annotations:
D:5 Edmund


Innate Abilities, Weirdness & Mutations

You have hoof-like feet.
You are partially covered in molten scales (AC +1).
You are slightly more attuned to the shadows.
Your flesh is cold resistant.


Message History

The giant gecko skeleton closely misses you.
The giant gecko skeleton misses you.
The giant gecko skeleton barely misses you.
Found a stone staircase leading up.
Casting: Vampiric Draining
Confirm with . or Enter, or press ? or * to list all spells.
Aiming: Vampiric Draining
Press: ? - help, Shift-Dir - straight line, f/p - Edmund
Aim: Edmund, wielding a flail of protection and wearing a glowing ring mail (heavily wounded) Edmund is severely wounded.
You feel life coursing into your body. Edmund barely misses you.
The giant gecko skeleton barely misses you.
You slash Edmund! You kick Edmund, but do no damage.
Edmund is almost dead.
Edmund hits you with a flail of protection.
* * * LOW HITPOINT WARNING * * *
The giant gecko skeleton bites you.
* * * LOW HITPOINT WARNING * * *
Edmund hits you with a flail of protection.
You die...

..................#
.................#
................##
...................#
...................#
..................#!#
<.................#
........Z..........#
#..@@..........#
#..########.#### ###
###


You could see Edmund and a giant gecko skeleton.

Vanquished Creatures
  An ogre (D:4)
  A wight (D:4)
  2 hounds
  An orc wizard (D:3)
  A worker ant (D:4)
  A hound skeleton (D:5)
  3 gnolls (D:4)
  5 adders
  3 worms
  6 orcs
  A ball python (D:4)
  6 bats
  2 giant cockroaches
  5 goblins
  9 hobgoblins
  9 kobolds
  A quokka (D:3)
  3 giant geckos
  A giant gecko skeleton (D:4)
  6 giant newts
  3 rats
70 creatures vanquished.

Vanquished Creatures (collateral kills)
  An adder (D:2)
  2 worms
  A giant gecko (D:2)
  An orc (D:3)
  4 hobgoblins
  2 jackals (D:2)
  2 bats (D:3)
  3 giant newts
  3 goblins
  A kobold (D:2)
  4 rats
24 creatures vanquished.

Vanquished Creatures (others)
  2 worm zombies (D:3)
  2 adder zombies (D:3)
  3 adder skeletons (D:2)
  4 bat skeletons
  A bat zombie (D:4)
  A giant newt skeleton (D:2)
  A giant newt zombie (D:3)
  3 goblin skeletons
  A hobgoblin skeleton (D:3)
  A hobgoblin zombie (D:3)
  A jackal skeleton (D:2)
  4 kobold skeletons
  A kobold zombie (D:4)
  An orc skeleton (D:3)
  2 orc zombies (D:3)
  A quokka skeleton (D:3)
  2 rat skeletons
31 creatures vanquished.

Grand Total: 125 creatures vanquished

Notes
Turn   | Place    | Note
--------------------------------------------------------------
     0 | D:1      | Seneschal, the Demonspawn Necromancer, began the quest for the Orb.
     0 | D:1      | Reached XP level 1. HP: 13/13 MP: 3/3
   225 | D:1      | Learned a level 1 spell: Animate Skeleton
   387 | D:1      | Gained mutation: You have large cloven feet. [demonic ancestry]
   387 | D:1      | Reached XP level 2. HP: 16/19 MP: 1/4
   888 | D:2      | Reached XP level 3. HP: 21/24 MP: 2/6
   905 | D:2      | Reached skill level 5 in Necromancy
   935 | D:2      | Found a shimmering altar of Xom.
  1530 | D:2      | Found a snail-covered altar of Cheibriados.
  1548 | D:2      | Reached XP level 4. HP: 28/30 MP: 5/8
  1560 | D:2      | Learned a level 4 spell: Animate Dead
  1643 | D:2      | Found a sacrificial altar of Ru.
  2444 | D:3      | Gained mutation: You are dopey. (Int -2) [potion of mutation]
  2444 | D:3      | Lost mutation: You are dopey. (Int -2) [potion of mutation]
  2444 | D:3      | Gained mutation: You have hoof-like feet. [potion of mutation]
  2447 | D:3      | Gained mutation: Your flesh is cold resistant. [potion of beneficial mutation]
  2457 | D:3      | Gained mutation: You are slightly more attuned to the shadows. [demonic ancestry]
  2457 | D:3      | Reached XP level 5. HP: 23/35 MP: 6/11
  2976 | D:4      | Reached skill level 6 in Necromancy
  3594 | D:5      | Entered Level 5 of the Dungeon
  3600 | D:5      | Learned a level 3 spell: Vampiric Draining
  3603 | D:4      | Gained mutation: You are partially covered in molten scales (AC +1). [demonic ancestry]
  3603 | D:4      | Reached XP level 6. HP: 21/42 MP: 5/15
  3848 | D:4      | Noticed an ogre
  3855 | D:4      | Killed an ogre
  3855 | D:4      | Reached skill level 1 in Maces & Flails
  4118 | D:5      | Noticed Edmund
  4188 | D:5      | HP: 2/42 [giant gecko skeleton (3)]
  4188 | D:5      | Slain by Edmund

Action                   |  1- 3 |  4- 6 || total
-------------------------+-------+-------++-------
Melee: Unarmed           |     5 |     3 ||     8
       Flail             |       |    16 ||    16
       Scythe            |       |    20 ||    20
 Cast: Pain              |    49 |    92 ||   141
       Animate Skeleton  |    20 |     8 ||    28
       Animate Dead      |       |    13 ||    13
       Vampiric Draining |       |    15 ||    15
Evoke: Wand              |       |     3 ||     3
  Use: Potion            |       |    10 ||    10
 Stab: Sleeping          |       |     1 ||     1
  Eat: Chunk             |     2 |     3 ||     5
       Bread ration      |       |     2 ||     2
